 Dungeon Crawl Stone Soup version 0.19.5 (webtiles) character file.

4225 JeffiDaFish the Basher (level 10, -4/56 HPs)
             Began as a Gargoyle Fighter on Oct 28, 2017.
             Was an Elder of Okawaru.
             Slain by Grum
             ... wielding a -2 halberd
              (6 damage)
             ... on level 8 of the Dungeon.
             The game lasted 00:28:32 (8892 turns).

JeffiDaFish the Basher (Gargoyle Fighter)           Turns: 8892, Time: 00:28:33

Health: -4/56      AC: 24    Str: 20    XL:     10   Next: 30%
Magic:  0/10       EV:  6    Int: 11    God:    Okawaru [****..]
Gold:   106        SH: 11    Dex: 12    Spells: 0 memorised, 9 levels left

rFire  . . .     SeeInvis +     a - +1 flail
rCold  + . .     Gourm    .     w - +0 plate armour
rNeg   + . .     Faith    .     c - +0 shield
rPois  ∞         Spirit   +     p - +0 helmet
rElec  +         Reflect  .     n - +0 cloak
rCorr  .         Harm     .     s - +0 pair of gloves
MR     .....     Rnd*Tele +     (no boots)
Stlth  ..........               o - amulet of guardian spirit
                                r - ring of protection from cold
                                u - ring of see invisible

@: no status effects
A: clever 1, frail 1, negative energy resistance 1, electricity resistance,
teleportitis 1, unbreathing, petrification resistance, rot immunity, AC +7
a: Heroism, Renounce Religion


You were on level 8 of the Dungeon.
You worshipped Okawaru.
Okawaru was greatly pleased with you.
You were not hungry.

You visited 1 branch of the dungeon, and saw 8 of its levels.
You also visited: Ossuary.

You collected 386 gold pieces.
You spent 280 gold pieces at shops.

Inventory:

Hand Weapons
 a - a +1 flail (weapon)
Armour
 c - a +0 shield (worn)
 n - a +0 cloak (worn)
 p - a +0 helmet (worn)
 s - a +0 pair of gloves (worn)
 w - a +0 plate armour (worn)
Jewellery
 e - an uncursed ring of resist corrosion
 o - an amulet of guardian spirit (around neck)
 r - a ring of protection from cold (right hand)
 u - a ring of see invisible (left hand)
Wands
 b - a wand of lightning (9/15)
Scrolls
 g - 11 scrolls of identify
 j - 2 scrolls of enchant weapon
 t - 3 scrolls of fear
 v - 4 scrolls of remove curse
Potions
 d - 3 potions of might
 h - 2 potions of heal wounds
 l - 3 potions of curing
 q - 4 potions of haste
 x - a potion of berserk rage
Comestibles
 f - 2 bread rations
 i - a slice of pizza
 k - a beef jerky
 m - 2 meat rations
 z - 7 chunks of flesh


   Skills:
 + Level 7.3 Fighting
 + Level 9.5 Maces & Flails
 + Level 7.5 Armour
 + Level 2.2 Dodging
 + Level 1.7 Stealth
 + Level 7.9 Shields


You had 9 spell levels left.
You didn't know any spells.

Dungeon Overview and Level Annotations

Branches:
Dungeon (8/15)             Temple (0/1) D:5
   Lair: D:8-11

Altars:
Cheibriados
Fedhas
Okawaru
Ru
Trog
Uskayaw
Vehumet
Xom
The Shining One

Shops:
D:4 }   D:6 *

Annotations:
D:8 Grum


Innate Abilities, Weirdness & Mutations

You are resistant to torment.
Your stone body is resilient. (AC +7)
You are immune to poison.
You resist negative energy. (rN+)
You are resistant to electric shocks. (rElec)
You can survive without breathing.
You are immune to petrification.
You are immune to rotting.
Your mind is acute. (Int +2)
You are frail. (-10% HP)
You are occasionally teleported next to monsters.


Message History

You thump Grum!
Grum is heavily wounded.
You block Grum's attack.
The worker ant waves its antennae.
Grum barely misses you.
You hit Grum.
Grum is heavily wounded.
Grum hits you with a halberd!!
You barely miss Grum.
Grum is heavily wounded.
Grum hits you but does no damage.
You hit Grum.
Grum is severely wounded.
You block Grum's attack.
Your shield and plate armour prevent you from hitting Grum.
Grum is severely wounded.
Grum hits you with a halberd!!
* * * LOW HITPOINT WARNING * * *
Grum hits you with a halberd!
You die...

#.# #......## ## #.#
##......# ... #.#
#.).##.!#####...[
##.###...##h..a..#....
........oo.a..Y.....>.
##......######.#......
##.......## #...#....
#........)#####Ya......
###.........<@ghhh###....
#...........####### ...
####<#.........# ..
.....#.........# .
..............##
.....#.........#
.....#.........#
######.........#
#....)....#


You could see Grum (berserk), an ice beast, 3 wolves and a worker ant.

Vanquished Creatures
  Joseph (D:7)
  The ghost of XNoize the Twirler, a novice DgGl (D:6)
  A hippogriff (D:8)
  A water moccasin (D:6)
  The ghost of Killbear the Gusty, an amateur TeAE (D:4)
  2 orc warriors
  4 ogres
  A centaur (D:5)
  A phantom (D:4)
  A wolf (D:5)
  A bullfrog (D:7)
  10 scorpions
  5 killer bees (D:7)
  3 crimson imps
  3 centaur zombies (Ossuary)
  A quasit (D:8)
  6 human zombies (Ossuary)
  A bullfrog skeleton (D:6)
  5 hounds
  A jelly (D:5)
  7 orc priests
  10 orc wizards
  2 iguanas (D:6)
  4 worker ants
  A big kobold zombie (Ossuary)
  3 mummies (Ossuary)
  8 gnolls
  A howler monkey skeleton (D:7)
  3 scorpion zombies (Ossuary)
  9 adders
  A shadow imp (D:6)
  An ooze (D:2)
  3 adder skeletons
  An adder zombie (D:6)
  6 worms
  2 dart slugs
  3 leopard geckos
  26 orcs
  2 ball pythons
  5 bats
  6 giant cockroaches
  A gnoll zombie (Ossuary)
  8 goblins
  7 hobgoblins
  26 jackals
  8 kobolds
  5 quokkas
  A frilled lizard (D:1)
  A goblin zombie (Ossuary)
  3 hobgoblin zombies (Ossuary)
  2 kobold zombies (Ossuary)
  2 leopard gecko zombies (D:5)
  2 orc zombies (Ossuary)
  13 rats
233 creatures vanquished.

Notes
Turn   | Place    | Note
-------+----------+-------------------------------------------
     0 | D:1      | JeffiDaFish the Gargoyle Fighter began the quest for the Orb.
     0 | D:1      | Reached XP level 1. HP: 14/14 MP: 1/1
   137 | D:1      | Reached XP level 2. HP: 17/19 MP: 2/2
   432 | D:1      | Reached XP level 3. HP: 20/23 MP: 3/3
  1015 | D:2      | Reached XP level 4. HP: 7/29 MP: 4/4
  1767 | D:2      | Reached skill level 3 in Maces & Flails
  2336 | D:3      | Reached XP level 5. HP: 33/33 MP: 5/5
  2812 | D:3      | You fall through a shaft for 2 floors!
  2812 | D:5      | Entered Level 5 of the Dungeon
  2838 | D:5      | Reached skill level 4 in Maces & Flails
  2845 | D:5      | Reached skill level 1 in Dodging
  2845 | D:5      | Reached XP level 6. HP: 23/38 MP: 6/6
  3320 | D:5      | Reached XP level 7. HP: 44/44 MP: 7/7
  3355 | D:5      | Gained mutation: You are frail. (-10% HP) [potion of mutation]
  3355 | D:5      | Gained mutation: Your mind is acute. (Int +2) [potion of mutation]
  3355 | D:5      | Gained mutation: You are occasionally teleported next to monsters. [potion of mutation]
  3374 | D:5      | Reached skill level 5 in Maces & Flails
  3707 | D:5      | Found a staircase to the Ecumenical Temple.
  3713 | D:5      | Found a glowing golden altar of the Shining One.
  3713 | D:5      | Found a snail-covered altar of Cheibriados.
  3713 | D:5      | Found a radiant altar of Vehumet.
  3713 | D:5      | Found an iron altar of Okawaru.
  3716 | D:5      | Found a bloodstained altar of Trog.
  3716 | D:5      | Found a shimmering altar of Xom.
  3717 | D:5      | Found a hide-covered altar of Uskayaw.
  3717 | D:5      | Found a snail-covered altar of Cheibriados.
  3717 | D:5      | Found a shimmering altar of Xom.
  3717 | D:5      | Found a shimmering altar of Xom.
  3717 | D:5      | Found a blossoming altar of Fedhas.
  3717 | D:5      | Found a sacrificial altar of Ru.
  3721 | D:5      | Became a worshipper of Warmaster Okawaru
  3920 | D:5      | Reached skill level 5 in Armour
  4142 | D:6      | Reached skill level 1 in Stealth
  4232 | D:6      | Noticed XNoize's ghost (novice DgGl)
  4301 | D:5      | Reached skill level 6 in Maces & Flails
  4301 | D:5      | Reached XP level 8. HP: 30/43 MP: 8/8
  4309 | D:5      | Reached * piety under Okawaru
  4309 | D:5      | Reached skill level 5 in Fighting
  4471 | D:5      | Reached skill level 5 in Shields
  4590 | D:6      | Killed XNoize's ghost
  4963 | D:6      | Reached ** piety under Okawaru
  5003 | D:6      | Reached skill level 7 in Maces & Flails
  5299 | D:6      | Reached XP level 9. HP: 44/49 MP: 9/9
  5510 | D:6      | Found Uqyff's General Store.
  5620 | D:6      | Bought 2 potions of haste for 280 gold pieces
  6363 | D:7      | Found a sand-covered staircase.
  6369 | Ossuary  | Entered an ossuary
  6710 | Ossuary  | Reached skill level 8 in Maces & Flails
  6730 | Ossuary  | Reached *** piety under Okawaru
  7034 | D:7      | Noticed Joseph
  7061 | D:7      | Killed Joseph
  7455 | D:7      | Reached XP level 10. HP: 26/56 MP: 4/10
  7683 | D:7      | You fall through a shaft!
  7714 | D:8      | Reached **** piety under Okawaru
  7714 | D:8      | Reached skill level 9 in Maces & Flails
  8556 | D:4      | Noticed Killbear's ghost (amateur TeAE)
  8564 | D:4      | Killed Killbear's ghost
  8588 | D:4      | Found Fumalagam's Gadget Shoppe.
  8857 | D:8      | Noticed Grum
  8892 | D:8      | HP: 2/56 [Grum/halberd (15)]
  8892 | D:8      | Slain by Grum

Skill      XL: |  1  2  3  4  5  6  7  8  9 10 |
---------------+-------------------------------+-----
Armour         | 4 5 6 7 |  7.5
Maces & Flails | 3 4 6 7 8 9 |  9.5
Fighting       | 4 5 7 |  7.3
Shields        | 4 6 7 |  7.9
Dodging        | 1 2 |  2.2
Stealth        | 1 |  1.7

Action                   |  1- 3 |  4- 6 |  7- 9 | 10-12 || total
-------------------------+-------+-------+-------+-------++-------
Melee: Flail             |   127 |   235 |   615 |   215 ||  1192
  Use: Scroll            |     9 |     2 |     5 |     1 ||    17
       Potion            |     6 |     2 |     6 |       ||    14
 Stab: Invisible         |     1 |       |       |       ||     1
  Eat: Chunk             |     1 |     7 |     7 |     4 ||    19
       Bread ration      |       |       |     1 |       ||     1
       Meat ration       |       |       |     1 |       ||     1
Armor: Scale mail        |    62 |   139 |       |       ||   201
       Chain mail        |       |     7 |   252 |       ||   259
       Plate armour      |       |       |   267 |   167 ||   434
Dodge: Dodged            |    51 |    76 |   155 |    67 ||   349
Block: Shield            |    61 |   126 |   369 |   153 ||   709
